 Dungeon Crawl Stone Soup version 0.30-a0-3-gc9032a9cac (webtiles) character file.

Game seed: 71465287110570416

94 BritishOli the Trooper (level 4, -1/36 HPs)
             Began as a Demonspawn Fighter on Aug 20, 2022.
             Slain by a hobgoblin (5 damage)
             ... on level 2 of the Dungeon.
             The game lasted 00:02:20 (2332 turns).

BritishOli the Trooper (Demonspawn Fighter)         Turns: 2332, Time: 00:02:21

Health: -1/36      AC:  6    Str: 18    XL:     4   Next: 38%
Magic:  4/4        EV:  9    Int:  9    God:
Gold:   85         SH:  5    Dex: 13    Spells: 3/3 levels left

rFire   . . .      SeeInvis .    a - +0 long sword
rCold   . . .      Faith    .    c - +0 buckler
rNeg    + . .      Spirit   .    b - +0 scale mail
rPois   .          Reflect  .    (no helmet)
rElec   .          Harm     .    (no cloak)
rCorr   .          Rampage  .    (no gloves)
Will    .....                    (no boots)
Stlth   ..........               (no amulet)
HPRegen 0.12/turn                i - ring of positive energy
MPRegen 0.09/turn                (no ring)

@: no status effects
A: claws 1, foul stench 1
a: no special abilities


You were on level 2 of the Dungeon.
You visited 1 branch of the dungeon, and saw 2 of its levels.

You collected 85 gold pieces.

Inventory:

Hand Weapons
 a - a +0 long sword (weapon)
Armour
 b - a +0 scale mail (worn)
 c - a +0 buckler (worn)
Jewellery
 i - a ring of positive energy (left claw)
 k - a ring of ice
Scrolls
 e - a scroll of vulnerability {unknown}
 f - a scroll of amnesia {unknown}
 j - 2 scrolls of identify {unknown}
 l - a scroll of enchant weapon {unknown}
 n - a scroll of enchant armour {unknown}
Potions
 d - a potion of might
 g - 2 potions of curing {unknown}
 h - 2 potions of lignification {unknown}
 m - a potion of degeneration {unknown}


   Skills:
 + Level 3.6 Fighting
 + Level 2.5 Long Blades
 + Level 3.3 Armour
 + Level 3.3 Shields


You had 3 spell levels left.
You didn't know any spells.
Your spell library contained the following spells:

 Spells                   Type           Power      Damage    Failure   Level
 Summon Small Mammal      Summ           0%         N/A       86%         1
 Call Canine Familiar     Summ           0%         N/A       99%         3
 Summon Guardian Golem    Hex/Summ       0%         N/A       99%         3


Dungeon Overview and Level Annotations

Branches:
Dungeon (2/15)

Altars:


Innate Abilities, Weirdness & Mutations

You have sharp fingernails.
You may rarely emit foul miasma when damaged in melee.


Message History

You hit Robin.
Robin is heavily wounded.
You feel very sick. Robin barely misses you.
There are monsters nearby!
There are monsters nearby!
You are too injured to fight recklessly!
There are monsters nearby!
You are too injured to fight recklessly!
There are monsters nearby!
There are monsters nearby!
You are too injured to fight recklessly!
You are too injured to fight recklessly!
You closely miss Robin.
Robin is heavily wounded.
You feel very sick. You block Robin's attack. Robin completely misses you.
You hit Robin but do no damage.
Robin is heavily wounded.
You feel very sick. You block Robin's attack.
You slash Robin!
You kill Robin!
You feel sick.
You barely miss the hobgoblin.
You feel sick. You block the hobgoblin's attack. The hobgoblin misses you.
You hit the hobgoblin.
The hobgoblin is almost dead.
You feel sick.
The hobgoblin hits you but does no damage.
You hit the hobgoblin but do no damage.
The hobgoblin is almost dead.
You feel sick.
The hobgoblin hits you but does no damage.
You closely miss the hobgoblin.
The hobgoblin is almost dead.
You feel sick.
You are no longer poisoned.
The hobgoblin hits you.
You die...

###########################
..........................##
...######..................#
...# #.##############..##
...######.# #..#
..........##############..#
......)..>#....g@.........#
..........#.#############.#
#########.# #.# #.# #.# #.#
#.# #########.########## #.#
...................# #.#
..........########.# #.#
..........# #.# #.#


You could see a hobgoblin (strong).

Vanquished Creatures
  Robin (D:2)
  2 adders (D:2)
  4 dart slugs
  2 ball pythons (D:1)
  4 endoplasms
  A giant cockroach (D:2)
  14 goblins
  10 hobgoblins
  3 bats (D:1)
  3 frilled lizards
  5 kobolds
  2 rats
51 creatures vanquished.

Notes
Turn   | Place    | Note
-------+----------+-------------------------------------------
     0 | D:1      | BritishOli the Demonspawn Fighter began the quest for the
                  | Orb.
     0 | D:1      | Reached XP level 1. HP: 18/18 MP: 1/1
    69 | D:1      | Gained mutation: You may rarely emit foul miasma when
                  | damaged in melee. [demonic ancestry]
    69 | D:1      | Reached XP level 2. HP: 24/24 MP: 2/2
   601 | D:1      | Found a faded altar of an unknown god.
   674 | D:1      | Reached XP level 3. HP: 28/29 MP: 3/3
  1675 | D:2      | Gained mutation: You have sharp fingernails. [demonic
                  | ancestry]
  1675 | D:2      | Reached XP level 4. HP: 35/35 MP: 4/4
  2319 | D:2      | Noticed Robin
  2328 | D:2      | Killed Robin
  2332 | D:2      | Slain by a hobgoblin

Illustrated notes

Levels and vault maps discovered:
D:1:      amcnicky_arrival_underground_garden, layout_rooms,
          hellmonk_ecumenical_altar_run_dry, minmay_splitting_lines,
          chequers_serial_rivers_micro_a, serial_bayou_crossing
D:2:      layout_basic, uniq_robin

Skill      XL: |  1  2 |
---------------+-------+-----
Long Blades    | 2 |  2.5
Armour         | 3 |  3.3
Shields        | 3 |  3.3
Fighting       | |  3.6

Action                   |  1- 3 |  4- 6 || total
-------------------------+-------+-------++-------
Melee: Long sword        |   124 |    38 ||   162
Armor: Scale mail        |    65 |    14 ||    79
Dodge: Dodged            |    56 |    13 ||    69
Block: Buckler           |    26 |    10 ||    36

Table legend: (Time is in decaauts)
 A = Elapsed time spent in this place.
 B = Non-inter-level travel time spent in this place.
 C = Inter-level travel time spent in this place.
 D = Time resting spent in this place.
 E = Time spent auto-exploring this place.
 F = Levels seen in this place.
 G = Mean time per level.
                   A        B        C        D        E       F      G
               +--------+--------+--------+--------+--------+-----+--------+
         Total |   2397 |   2378 |     19 |    588 |   1397 |   2 | 1198.5 |
       Dungeon |   2397 |   2378 |     19 |    588 |   1397 |   2 | 1198.5 |
               +--------+--------+--------+--------+--------+-----+--------+

Top non-repeatable levels by time:
     D:2: 1349 daAuts
     D:1: 1048 daAuts
